PCL
TEXARKANA BEARS @ LAS VEGAS STARS
06/10/2030
 
TOP OF THE 1ST
Texarkana Bears batting - Pitching for Las Vegas Stars : LHP Jesús González
Pitching: LHP Jesús González
Batting: LHB Alberto Medine 0-0: Called Strike
0-1: Called Strike
0-2: Ball
1-2: Strikes out looking
Batting: RHB Jaime Delgado 0-0: Ball
1-0: Called Strike
1-1: Ball
2-1: Ball
3-1: Ground out 5-3 (Groundball, 5S)
Batting: RHB Billy Campbell 0-0: DOUBLE (Flyball, 78D)
Batting: RHB Lu-fang Huie 0-0: Called Strike
0-1: Ball
1-1: Ball
2-1: Swinging Strike
2-2: Ball
3-2: Strikes out swinging
Top of the 1st over - 0 runs, 1 hit, 0 errors, 1 left on base; Texarkana 0 - Las Vegas 0
BOTTOM OF THE 1ST
Las Vegas Stars batting - Pitching for Texarkana Bears : RHP Joe Utter
Pitching: RHP Joe Utter
Batting: LHB Alberto Varela 0-0: Called Strike
0-1: Ball
1-1: Ball
2-1: Ball
3-1: Base on Balls
Batting: RHB Tomás Díaz 0-0: Ball
1-0: Ball
2-0: Called Strike
2-1: SINGLE (Groundball, 34D)
Alberto Varela to second
Runner from 2nd tries for 3rd, SAFE, no throw
Batting: LHB Patrick Osborne 0-0: Called Strike
0-1: Ball
1-1: Ball
2-1: 3-RUN HOME RUN (Flyball, 7D), Distance : 408 ft
Batting: RHB Barney Lawson 0-0: Ground out 1-3 (Groundball, 13S)
Batting: RHB Sam Wallace 0-0: Foul Ball, location: 2F
0-1: Ground out 4-3 (Groundball, 4)
Batting: RHB Ricardo Guzmán 0-0: Ball
1-0: Called Strike
1-1: Ball
2-1: Swinging Strike
2-2: Strikes out looking
Bottom of the 1st over - 3 runs, 2 hits, 0 errors, 0 left on base; Texarkana 0 - Las Vegas 3
TOP OF THE 2ND
Texarkana Bears batting - Pitching for Las Vegas Stars : LHP Jesús González
Batting: RHB Gilberto López 0-0: Ball
1-0: SINGLE (Line Drive, 7S)
Batting: RHB Marvin Johnson 0-0: Ball
1-0: SINGLE (Flyball, 78S)
Gilberto López to second
Gilberto López to third
Batting: RHB Arturo Rodríguez 0-0: Swinging Strike
0-1: Swinging Strike
0-2: Strikes out swinging
Batting: RHB Steve Garneys 0-0: Fielders Choice at 2nd, 1-6 (Groundball, 13S)
Batting: RHB Kun Liu 0-0: Ball
1-0: Foul Ball, location: 2F
1-1: Ball
2-1: Foul Ball, location: 2F
2-2: Strikes out swinging
Top of the 2nd over - 0 runs, 2 hits, 0 errors, 2 left on base; Texarkana 0 - Las Vegas 3
BOTTOM OF THE 2ND
Las Vegas Stars batting - Pitching for Texarkana Bears : RHP Joe Utter
Batting: RHB Guo-xiu Choi 0-0: Called Strike
0-1: Swinging Strike
0-2: Ball
1-2: Ball
2-2: Ball
3-2: Strikes out looking
Batting: RHB Gilberto Silva 0-0: Called Strike
0-1: Ball
1-1: Ground out 5-3 (Groundball, 5)
Batting: RHB Fernando Bórquez 0-0: Foul Ball, location: 2F
0-1: Ground out 6-3 (Groundball, 6)
Bottom of the 2nd over - 0 runs, 0 hits, 0 errors, 0 left on base; Texarkana 0 - Las Vegas 3
TOP OF THE 3RD
Texarkana Bears batting - Pitching for Las Vegas Stars : LHP Jesús González
Batting: LHB Alberto Medine 0-0: Called Strike
0-1: Fly out, F7 (Flyball, 78M)
Batting: RHB Jaime Delgado 0-0: Ball
1-0: Ground out U3 (Groundball, 3L)
Batting: RHB Billy Campbell 0-0: Foul Ball, location: 2F
0-1: Ball
1-1: Ball
2-1: Swinging Strike
2-2: DOUBLE (Line Drive, 89XD)
Batting: RHB Lu-fang Huie 0-0: Ball
1-0: Ball
2-0: Ball
3-0: Called Strike
3-1: Foul Ball, location: 2F
3-2: Ground out 5-3 (Groundball, 56S)
Top of the 3rd over - 0 runs, 1 hit, 0 errors, 1 left on base; Texarkana 0 - Las Vegas 3
BOTTOM OF THE 3RD
Las Vegas Stars batting - Pitching for Texarkana Bears : RHP Joe Utter
Batting: LHB Alberto Varela 0-0: Called Strike
0-1: Called Strike
0-2: Ball
1-2: Ball
2-2: Ball
3-2: Base on Balls
Batting: RHB Tomás Díaz 0-0: Called Strike
0-1: Swinging Strike
0-2: Ball
1-2: Ball
2-2: Strikes out looking
Batting: LHB Patrick Osborne 0-0: Ball
1-0: Called Strike
1-1: Ball
2-1: Foul Ball, location: 2F
2-2: Strikes out looking
Batting: RHB Barney Lawson 0-0: Ball
Alberto Varela steals 2nd base
1-0: Ball
2-0: Fly out, F7 (Flyball, 7LM)
Bottom of the 3rd over - 0 runs, 0 hits, 0 errors, 1 left on base; Texarkana 0 - Las Vegas 3
TOP OF THE 4TH
Texarkana Bears batting - Pitching for Las Vegas Stars : LHP Jesús González
Batting: RHB Gilberto López 0-0: Called Strike
0-1: Ground out 6-3 (Groundball, 6)
Batting: RHB Marvin Johnson 0-0: Called Strike
0-1: Ball
1-1: Fly out, F9 (Flyball, 9S)
Batting: RHB Arturo Rodríguez 0-0: Called Strike
0-1: Foul Ball, location: 2F
0-2: Foul Ball, location: 2F
0-2: Ball
1-2: Fly out, F6 (Popup, 6M)
Top of the 4th over - 0 runs, 0 hits, 0 errors, 0 left on base; Texarkana 0 - Las Vegas 3
BOTTOM OF THE 4TH
Las Vegas Stars batting - Pitching for Texarkana Bears : RHP Joe Utter
Batting: RHB Sam Wallace 0-0: Ball
1-0: Swinging Strike
1-1: Called Strike
1-2: Ground out 5-3 (Groundball, 5)
Batting: RHB Ricardo Guzmán 0-0: Ball
1-0: Fly out, F7 (Line Drive, 7S)
Batting: RHB Guo-xiu Choi 0-0: Foul Ball, location: 2F
0-1: Foul Ball, location: 2F
0-2: Ball
1-2: Strikes out looking
Bottom of the 4th over - 0 runs, 0 hits, 0 errors, 0 left on base; Texarkana 0 - Las Vegas 3
TOP OF THE 5TH
Texarkana Bears batting - Pitching for Las Vegas Stars : LHP Jesús González
Batting: RHB Steve Garneys 0-0: Ground out 5-3 (Groundball, 56)
Batting: RHB Kun Liu 0-0: Ball
1-0: Ball
2-0: Ball
3-0: Foul Ball, location: 2F
3-1: Base on Balls
Batting: LHB Alberto Medine 0-0: Called Strike
0-1: Called Strike
0-2: Ball
1-2: Ball
2-2: DOUBLE (Flyball, 89D)
Kun Liu to third
Batting: RHB Jaime Delgado 0-0: Ball
1-0: Called Strike
1-1: Foul Ball, location: 2F
1-2: Ground out 6-3 (Groundball, 6)
Kun Liu scores
Batting: RHB Billy Campbell 0-0: Called Strike
0-1: Ball
1-1: Ball
2-1: Foul Ball, location: 2F
2-2: Ball
3-2: Base on Balls
Batting: RHB Lu-fang Huie 0-0: Ball
1-0: Ball
2-0: Foul Ball, location: 2F
2-1: Foul Ball, location: 2F
2-2: Strikes out swinging
Top of the 5th over - 1 run, 1 hit, 0 errors, 2 left on base; Texarkana 1 - Las Vegas 3
BOTTOM OF THE 5TH
Las Vegas Stars batting - Pitching for Texarkana Bears : RHP Joe Utter
Batting: RHB Gilberto Silva 0-0: Ball
1-0: Foul Ball, location: 2F
1-1: Ball
2-1: Ball
3-1: Foul Ball, location: 2F
3-2: Strikes out swinging
Batting: RHB Fernando Bórquez 0-0: Foul Ball, location: 2F
0-1: Ball
1-1: Ball
2-1: Foul Ball, location: 2F
2-2: Foul Ball, location: 2F
2-2: SINGLE (Line Drive, 7LS)
Batting: LHB Alberto Varela 0-0: Ball
1-0: Called Strike
1-1: Fly out, F8 (Line Drive, 8RM)
Batting: RHB Tomás Díaz 0-0: Ball
1-0: Called Strike
1-1: Swinging Strike
1-2: Ball
2-2: Ball
3-2: Foul Ball, location: 2F
3-2: Foul Ball, location: 2F
3-2: Foul Ball, location: 2F
3-2: Base on Balls
Fernando Bórquez to second
Batting: LHB Patrick Osborne 0-0: Ball
1-0: Ball
2-0: Ball
3-0: Called Strike
3-1: Base on Balls
Fernando Bórquez to third
Tomás Díaz to second
Batting: RHB Barney Lawson 0-0: Ball
1-0: Ball
2-0: Called Strike
2-1: Ground out U3 (Groundball, 34S)
Bottom of the 5th over - 0 runs, 1 hit, 0 errors, 3 left on base; Texarkana 1 - Las Vegas 3
TOP OF THE 6TH
Texarkana Bears batting - Pitching for Las Vegas Stars : LHP Jesús González
Batting: RHB Gilberto López 0-0: Ball
1-0: Called Strike
1-1: Ball
2-1: Called Strike
2-2: Foul Ball, location: 2F
2-2: Foul Ball, location: 2F
2-2: Ball
3-2: Base on Balls
Batting: RHB Marvin Johnson 0-0: Ball
1-0: Fly out, F9 (Flyball, 89S)
Batting: RHB Arturo Rodríguez 0-0: Ball
1-0: Ball
2-0: Called Strike
2-1: Grounds into double play, 5-4-3 (Groundball, 56)
Top of the 6th over - 0 runs, 0 hits, 0 errors, 0 left on base; Texarkana 1 - Las Vegas 3
BOTTOM OF THE 6TH
Las Vegas Stars batting - Pitching for Texarkana Bears : RHP Joe Utter
Pitching: RHP Jesús Sosa
Batting: RHB Sam Wallace 0-0: Swinging Strike
0-1: Ball
1-1: Swinging Strike
1-2: Strikes out swinging
Batting: RHB Ricardo Guzmán 0-0: Ball
1-0: Swinging Strike
1-1: Foul Ball, location: 2F
1-2: Reached via error on a dropped throw, E3
Batting: RHB Guo-xiu Choi 0-0: Grounds into double play, 1-6-3 (Groundball, 13)
Bottom of the 6th over - 0 runs, 0 hits, 1 error, 0 left on base; Texarkana 1 - Las Vegas 3
TOP OF THE 7TH
Texarkana Bears batting - Pitching for Las Vegas Stars : LHP Jesús González
Pitching: RHP Mark Head
Batting: RHB Steve Garneys 0-0: Ball
1-0: SINGLE (Groundball, 34D)
Batting: RHB Kun Liu 0-0: Ball
1-0: Ball
2-0: Ball
3-0: Called Strike
3-1: Base on Balls
Steve Garneys to second
Pitching: LHP Justin Short
Batting: LHB Alberto Medine 0-0: Foul Ball, location: 2F
0-1: Foul Ball, location: 2F
0-2: Ball
1-2: Ball
2-2: Grounds into double play, 4-6-3 (Groundball, 4)
Steve Garneys to third
Pitching: RHP Blake Koepke
Batting: RHB Jaime Delgado 0-0: Foul Ball, location: 2F
0-1: Swinging Strike
0-2: Foul Ball, location: 2F
0-2: Ball
Wild Pitch!
Steve Garneys scores
1-2: Ground out 4-3 (Groundball, 4M)
Top of the 7th over - 1 run, 1 hit, 0 errors, 0 left on base; Texarkana 2 - Las Vegas 3
BOTTOM OF THE 7TH
Las Vegas Stars batting - Pitching for Texarkana Bears : RHP Jesús Sosa
Batting: RHB Gilberto Silva 0-0: Ground out 1-3 (Groundball, P)
Batting: RHB Fernando Bórquez 0-0: Fly out, F8 (Flyball, 8LM)
Batting: LHB Alberto Varela 0-0: Foul Ball, location: 2F
0-1: Ground out 6-3 (Groundball, 56D)
Bottom of the 7th over - 0 runs, 0 hits, 0 errors, 0 left on base; Texarkana 2 - Las Vegas 3
TOP OF THE 8TH
Texarkana Bears batting - Pitching for Las Vegas Stars : RHP Blake Koepke
Batting: RHB Billy Campbell 0-0: DOUBLE (Flyball, 8RXD)
Batting: RHB Lu-fang Huie 0-0: Ground out 5-3 (Groundball, 5S)
Billy Campbell to third
Batting: RHB Gilberto López 0-0: Swinging Strike
0-1: Foul Ball, location: 2F
0-2: Ball
1-2: Ball
2-2: Ground out 6-3 (Groundball, 6)
Batting: RHB Marvin Johnson 0-0: Foul Ball, location: 2F
0-1: Ball
1-1: Fly out, F4 (Popup, 4D)
Top of the 8th over - 0 runs, 1 hit, 0 errors, 1 left on base; Texarkana 2 - Las Vegas 3
BOTTOM OF THE 8TH
Las Vegas Stars batting - Pitching for Texarkana Bears : RHP Jesús Sosa
Batting: RHB Tomás Díaz 0-0: Called Strike
0-1: Foul Ball, location: 2F
0-2: Hit by Pitch
Batting: LHB Patrick Osborne 0-0: Ball
1-0: Swinging Strike
1-1: Foul Ball, location: 2F
1-2: Ball
2-2: Foul Ball, location: 2F
2-2: Ball
3-2: Fielders Choice at 2nd, 6-4 (Groundball, 6)
Pinch Hitting: LHB Paco Rivera 0-0: Called Strike
Patrick Osborne steals 2nd base
0-1: Ball
1-1: Intentional Walk
Batting: RHB Sam Wallace 0-0: Swinging Strike
0-1: Ball
1-1: Foul Ball, location: 2F
1-2: Foul Ball, location: 2F
1-2: Foul Ball, location: 2F
1-2: Grounds into double play, 6-4-3 (Groundball, 6)
Bottom of the 8th over - 0 runs, 0 hits, 0 errors, 1 left on base; Texarkana 2 - Las Vegas 3
TOP OF THE 9TH
Texarkana Bears batting - Pitching for Las Vegas Stars : RHP Blake Koepke
Pitching: LHP Gian-Andrea Nota
Now at 1B: Paco Rivera
Pinch Hitting: RHB Michael Barraclough 0-0: Called Strike
0-1: SINGLE (Groundball, 34D)
Pinch Hitting: RHB Taki Chikafuji 0-0: Ball
1-0: Ball
2-0: Ball
3-0: Called Strike
3-1: Base on Balls
Michael Barraclough to second
Pinch Hitting: RHB Roger Rush 0-0: Foul Ball, location: 2F
0-1: Foul Ball, location: 2F
0-2: Fly out, F8 (Flyball, 8LXD)
Runner from 2nd tags up, SAFE at 3rd, no throw
Batting: LHB Alberto Medine 0-0: Foul Ball, location: 2F
0-1: Ball
1-1: Called Strike
1-2: Grounds into double play, 1-6-3 (Groundball, 13S)
Top of the 9th over - 0 runs, 1 hit, 0 errors, 1 left on base; Texarkana 2 - Las Vegas 3
Saturday, April 7th, 2018 - OOTP Baseball 18.8 Build 76